 Dungeon Crawl Stone Soup version 0.21.1-1-g345015fe64 (webtiles) character file.

4522 NullDivider the Covert (level 10, 0/55 HPs)
             Began as a Spriggan Artificer on Apr 4, 2018.
             Was an Initiate of Gozag.
             Slain by a hornet (5 damage)
             ... while paralysed by a hornet
             ... on level 8 of the Dungeon.
             The game lasted 01:15:02 (11041 turns).

NullDivider the Covert (Spriggan Artificer)        Turns: 11041, Time: 01:15:06

Health: 0/55       AC:  2    Str:  8    XL:     10   Next: 17%
Magic:  17/17      EV:  4    Int: 13    God:    Gozag
Gold:   1398       SH:  0    Dex: 23    Spells: 9/9 levels left

rFire    . . .     SeeInvis +   D - +1 hunting sling of Success {venom, rElec SInv}
rCold    . . .     Gourm    .   (shield restricted)
rNeg     . . .     Faith    .   b - +0 robe
rPois    .         Spirit   .   (helmet restricted)
rElec    +         Reflect  .   (no cloak)
rCorr    .         Harm     .   (gloves unavailable)
MR       +....                  (boots unavailable)
Stlth    +++++.....             (no amulet)
HPRegen  0.18/turn              j - +5 ring of evasion
MPRegen  0.15/turn              x - +3 ring of dexterity

@: paralysed, lethally poisoned (0 -> -20), slowed, very quick
A: very small, unfitting armour, see invisible, herbivore, speed 3, slow
metabolism 2
a: Potion Petition, Call Merchant, Bribe Branch, Renounce Religion


You were on level 8 of the Dungeon.
You worshipped Gozag.
Gozag was most pleased with you.
You were hungry.

You visited 2 branches of the dungeon, and saw 9 of its levels.
You also visited: Bailey.

You collected 1468 gold pieces.
You paid 70 gold pieces to Gozag.

Inventory:

Hand Weapons
 a - a +0 dagger of draining
 c - a +0 long sword of electrocution
 D - the +1 hunting sling of Success (weapon) {venom, rElec SInv}
   (You found it on level 6 of the Dungeon)

   It poisons the ammo it fires.
   It insulates you from electricity.
   It lets you see invisible.
 J - a +1 short sword of venom
Missiles
 E - 50 stones (quivered)
 F - 27 sling bullets
Armour
 b - a +0 robe (worn)
Jewellery
 h - an uncursed ring of wizardry
 j - a +5 ring of evasion (left hand)
 x - a +3 ring of dexterity (right hand)
 y - an uncursed ring of protection from cold
 H - an uncursed ring of positive energy
Wands
 d - a wand of enslavement (6)
 C - a wand of iceblast (13)
 I - a wand of paralysis (22)
 P - a wand of acid (7)
 R - a wand of disintegration (9)
Scrolls
 g - 2 scrolls of immolation {unknown}
 i - 2 scrolls of teleportation {unknown}
 k - 3 scrolls of blinking {unknown}
 n - 7 scrolls of remove curse
 q - 2 scrolls of identify
 r - 4 scrolls of enchant weapon
 s - a scroll of noise {unknown}
 t - 3 scrolls of enchant armour {unknown}
 v - 3 scrolls of fear {unknown}
 w - a scroll of fog {unknown}
 O - a scroll of magic mapping {unknown}
Potions
 e - a potion of brilliance {unknown}
 l - 2 potions of lignification
 m - a potion of mutation {unknown}
 o - 2 potions of might {unknown}
 p - 3 potions of berserk rage {unknown}
 u - 3 potions of curing
 z - 2 potions of flight {unknown}
 A - 2 potions of heal wounds {unknown}
 B - 2 potions of ambrosia
 K - a potion of invisibility {unknown}
 L - a potion of degeneration {unknown}
 Q - a potion of agility {unknown}
Books
 G - a book of Clouds

   Spells                             Type                      Level
   a - Poisonous Vapours              Poison/Air                   2
   b - Mephitic Cloud                 Conjuration/Poison/Air       3
   c - Conjure Flame                  Conjuration/Fire             3
   d - Freezing Cloud                 Conjuration/Ice/Air          6
   e - Ring of Flames                 Charms/Fire                  7
 M - a book of Power

   Spells                             Type                      Level
   a - Iskenderun's Battlesphere      Conjuration/Charms           5
   b - Venom Bolt                     Conjuration/Poison           5
   c - Bolt of Magma                  Conjuration/Fire/Earth       5
   d - Iron Shot                      Conjuration/Earth            6
   e - Orb of Destruction             Conjuration                  7
   f - Spellforged Servitor           Conjuration/Summoning        7
Miscellaneous
 N - a lightning rod (4/4)
Comestibles
 f - 7 rations


   Skills:
 * Level 7.3 Fighting
 - Level 4.4 Short Blades
 + Level 5.2 Slings
 + Level 9.1 Dodging
 + Level 9.4 Stealth
 + Level 8.8 Evocations


You had 9 spell levels left.
You didn't know any spells.

Dungeon Overview and Level Annotations

Branches:
Dungeon (8/15)             Temple (1/1) D:6
   Lair: D:8-11

Altars:
Ashenzari
Cheibriados
Dithmenos
Elyvilon
Fedhas
Gozag
Hepliaklqana
Kikubaaqudgha
Makhleb
Nemelex Xobeh
Okawaru
Qazlal
Ru
Sif Muna
Trog
Uskayaw
Vehumet
Wu Jian
Xom
Yredelemnul
Zin
The Shining One

Shops:
D:5 *

Annotations:
D:5 Menkaure
D:7 ProfessorDoyle's ghost, novice MiBe


Innate Abilities, Weirdness & Mutations

You are very small and have problems with some larger weapons.
You are too small for most types of armour.
You have supernaturally acute eyesight. (SInv)
You are a herbivore.
You cover ground extremely quickly.
You need consume almost no food.


Message History

Aim: a hornet (severely wounded, poisoned)
You shoot a stone. The stone hits the hornet.
The hornet is severely wounded.
The hornet completely misses you. The hornet stings you.
You are poisoned.
You suddenly lose the ability to move!
You feel sick. The hornet stings you.
You feel yourself slow down.
You feel yourself speed up.
You feel sick. The hornet stings you!
You feel yourself slow down. The worker ant bites you. The hornet stings you!
* * * LOW HITPOINT WARNING * * *
You are lethally poisoned!
You feel as though you will be slow longer.
* * * LOW HITPOINT WARNING * * *
You feel sick. The worker ant bites you.
* * * LOW HITPOINT WARNING * * *
You are more poisoned.
The worker ant poisons you! The hornet stings you.
You die...
Your body crumbles into a pile of gold.

#.............#..#.........#...##
##'#########'########+#....#...##
.....# #............#....#...##
.....# #............#....'...#.
##..## #...######...#...)#...##
#..)(# #...##..##...#....#...##
#.##.# #.####..######....#....#
##.[## ### #........'....# #
#.<..# #..@.....#....# # ##.)##
#.ay##...#....# # #..##
#...##...#....# # #...#
#....#...+....###### #..##
#....#...#.........# #..#
#....#...##+##.....# #..#
#....#..)##..'.....# #..#
#........##..#.....# #..#
###(###..##..#.....#


You could see a hornet and a worker ant.

Vanquished Creatures
  2 orc knights (Bailey)
  A hornet (D:7)
  Grinder (D:4)
  A hungry ghost (D:7)
  11 orc warriors
  A water moccasin (D:7)
  2 sky beasts
  3 bullfrogs
  3 scorpions
  5 killer bees (D:7)
  2 crimson imps
  A centaur zombie (D:8)
  2 centaur skeletons (D:7)
  2 orc priests
  6 hounds
  A jelly (D:7)
  3 orc wizards
  A bullfrog skeleton (D:4)
  Natasha (thrice) (D:2)
  2 iguanas
  2 hound skeletons
  3 gnolls (D:3)
  6 adders
  A shadow imp (D:7)
  2 oozes
  5 dart slugs
  4 leopard geckos
  20 orcs
  11 bats
  9 giant cockroaches
  4 goblins
  7 hobgoblins
  8 jackals
  4 quokkas
  A ball python (D:3)
  5 frilled lizards
  A giant cockroach zombie (D:5)
  5 kobolds
  A leopard gecko zombie (D:6)
  15 rats
167 creatures vanquished.

Vanquished Creatures (collateral kills)
  2 orc warriors (Bailey)
  A scorpion (D:5)
  An adder (D:4)
  3 orcs
7 creatures vanquished.

Vanquished Creatures (others)
  An ogre (D:5)
  An orc priest (D:5)
  An orc (Bailey)
3 creatures vanquished.

Grand Total: 177 creatures vanquished

Notes
Turn   | Place    | Note
-------+----------+-------------------------------------------
     0 | D:1      | NullDivider the Spriggan Artificer began the quest for the Orb.
     0 | D:1      | Reached XP level 1. HP: 9/9 MP: 4/4
     1 | D:1      | Found a runed door.
    36 | D:1      | Reached skill level 1 in Fighting
    60 | D:1      | Reached XP level 2. HP: 14/14 MP: 6/6
   739 | D:1      | Reached XP level 3. HP: 10/18 MP: 7/7
  1503 | D:2      | Found a white marble altar of Elyvilon.
  1514 | D:2      | Found a shadowy altar of Dithmenos.
  1514 | D:2      | Found a snail-covered altar of Cheibriados.
  1517 | D:2      | Found a stormy altar of Qazlal.
  1583 | D:2      | Reached XP level 4. HP: 22/23 MP: 8/8
  1605 | D:2      | Noticed Natasha
  1635 | D:2      | Killed Natasha
  1921 | D:2      | Noticed Natasha
  1934 | D:2      | Killed Natasha
  2042 | D:2      | Noticed Natasha
  2056 | D:2      | HP: 1/23 [Natasha/magic dart (6)]
  2058 | D:2      | Killed Natasha
  2058 | D:2      | Reached XP level 5. HP: 2/27 MP: 9/9
  2367 | D:2      | Found a bloodstained altar of Trog.
  2845 | D:3      | Reached skill level 5 in Evocations
  3542 | D:4      | Reached XP level 6. HP: 32/32 MP: 10/10
  3543 | D:4      | Noticed an orc warrior
  3829 | D:4      | Noticed Grinder
  3844 | D:4      | Paralysed by Grinder for 2 turns
  3847 | D:4      | Killed Grinder
  3847 | D:4      | Reached skill level 5 in Dodging
  4157 | D:3      | Reached XP level 7. HP: 12/36 MP: 12/12
  4425 | D:4      | Reached skill level 5 in Stealth
  4954 | D:5      | Entered Level 5 of the Dungeon
  5364 | D:5      | Noticed Menkaure
  5715 | D:5      | Found Haqilauwk's General Store.
  6733 | D:6      | HP: 2/55 [poisoned by a scorpion]
  6740 | D:6      | HP: 1/55 [poisoned by a scorpion]
  6748 | D:6      | HP: 1/55 [poisoned by a scorpion]
  7244 | D:6      | Found an ancient bone altar of Kikubaaqudgha.
  7375 | D:6      | Reached XP level 8. HP: 20/42 MP: 13/13
  7589 | D:6      | Got an ichor-stained hunting sling
  7590 | D:6      | Identified the +1 hunting sling of Success {venom, rElec SInv} (You found it on level 6 of the Dungeon)
  7597 | D:6      | Found a staircase to the Ecumenical Temple.
  7603 | Temple   | Entered the Ecumenical Temple
  7661 | Temple   | Became a worshipper of Gozag Ym Sagoz the Greedy
  7890 | D:7      | Noticed ProfessorDoyle's ghost (novice MiBe)
  7962 | D:7      | Noticed a hornet
  7999 | D:7      | Found a hazy altar of Hepliaklqana.
  8153 | D:7      | Killed a hornet
  8153 | D:7      | Reached skill level 5 in Fighting
  8153 | D:7      | Reached skill level 1 in Slings
  8798 | D:7      | Noticed a dagger
  8805 | D:7      | Noticed a dagger
  8807 | D:7      | Found a hide-covered altar of Uskayaw.
  8928 | D:7      | Reached XP level 9. HP: 47/48 MP: 15/15
  9101 | D:7      | Paralysed by fainting for 6 turns
  9293 | D:8      | Found a flagged portal.
  9328 | D:8      | Found a shimmering altar of Xom.
  9329 | D:8      | Found a hazy altar of Hepliaklqana.
  9329 | D:8      | Noticed an unseen horror
  9330 | D:8      | Noticed a spectral ugly thing
  9330 | D:8      | Noticed an unseen horror
  9415 | Bailey   | Entered a bailey
  9415 | Bailey   | Noticed an orc knight
  9472 | Bailey   | Killed an orc knight
  9663 | Bailey   | Noticed an orc knight
  9723 | Bailey   | Killed an orc knight
  9726 | Bailey   | Reached XP level 10. HP: 36/55 MP: 17/17
  9854 | Bailey   | HP: 2/55 [orc warrior/arbalest (19)]
  9859 | Bailey   | Reached skill level 5 in Slings
 11038 | D:8      | Paralysed by a hornet for 3 turns
 11041 | D:8      | Slain by a hornet

Skill      XL: |  1  2  3  4  5  6  7  8  9 10 |
---------------+-------------------------------+-----
Fighting       | 1 2 3 4 5 7 |  7.3
Stealth        | 2 3 4 5 7 9 |  9.4
Short Blades   | 2 3 4 |  4.4
Dodging        | 4 5 6 7 8 9 |  9.1
Evocations     | 5 6 7 8 |  8.8
Slings         | 2 4 5 |  5.2

Action                   |  1- 3 |  4- 6 |  7- 9 | 10-12 || total
-------------------------+-------+-------+-------+-------++-------
Melee: Short sword       |   209 |   140 |   440 |    41 ||   830
       Hunting sling     |       |       |     3 |       ||     3
 Fire: Hunting sling     |       |       |   191 |    49 ||   240
Evoke: Wand              |     2 |    22 |    16 |     1 ||    41
  Use: Potion            |       |       |     3 |     1 ||     4
       Scroll            |       |       |     3 |     2 ||     5
 Stab: Sleeping          |     7 |     8 |     8 |       ||    23
       Paralysed         |       |       |       |     1 ||     1
  Eat: Ration            |       |       |     4 |     1 ||     5
Armor: Robe              |    23 |    10 |    11 |       ||    44
       Skin              |       |       |     2 |       ||     2
Dodge: Dodged            |   191 |   118 |   388 |    43 ||   740
